 Dungeon Crawl Stone Soup version 0.31-a0-702-gf82c85558f (webtiles) character file.

Game seed: 9931413405965953500

101 qw the Shooter (level 4, -1/28 HPs)
             Began as a Gargoyle Hunter on Sept 7, 2023.
             Killed from afar by an orc wizard (3 damage)
             ... with a puff of flame
             ... on level 4 of the Dungeon.
             The game lasted 00:00:40 (1502 turns).

qw the Shooter (Gargoyle Hunter)                    Turns: 1502, Time: 00:00:41

Health: -1/28      AC:  8    Str: 15    XL:     4   Next: 75%
Magic:  4/4        EV: 11    Int:  9    God:
Gold:   170        SH:  0    Dex: 15    Spells: 3/3 levels left

rFire   . . .        p - +0 arbalest
rCold   . . .        (shield currently unavailable)
rNeg    + . .        f - +0 ring mail
rPois   inf          (no helmet)
rElec   +            (no cloak)
rCorr   .            (no gloves)
SInv    .            (no boots)
Will    .....        (no amulet)
Stlth   +            (no ring)
HPRegen 0.24/turn    (no ring)
MPRegen 0.09/turn

%: no passive effects
@: no status effects
A: sickness immunity, AC +3, negative energy resistance 1, electricity
resistance, torment resistance 1, petrification resistance
a: no special abilities


You were on level 4 of the Dungeon.
You visited 1 branch of the dungeon, and saw 3 of its levels.

You collected 170 gold pieces.


Innate Abilities, Weirdness & Mutations

You are immune to sickness and miasma.
Your stone body is resilient. (AC +3)
You are immune to poison.
You resist negative energy. (rN+)
You are resistant to electric shocks. (rElec)
You are resistant to unholy torment.
You are immune to petrification.


   Skills:
 - Level 3.0 Fighting
 + Level 5.4 Ranged Weapons
 - Level 1.2 Armour
 - Level 1.5 Dodging
 - Level 1.1 Stealth


You had 3 spell levels left.
You didn't know any spells.
Your spell library was empty.

Inventory:

Hand Weapons
 p - a +0 arbalest (weapon)
 Y - a +0 shortbow
Armour
 f - a +0 ring mail (worn)
 l - a scarf of harm
Jewellery
 a - an amulet of the acrobat
Scrolls
 c - a scroll of blinking {unknown}
 e - a scroll of torment {unknown}
 g - a scroll of teleportation {unknown}
 n - a scroll of summoning {unknown}
 o - a scroll of identify
Potions
 b - a potion of enlightenment {unknown}
 d - a potion of mutation {unknown}
 h - a potion of curing {unknown}
 i - a potion of lignification {unknown}
 j - a potion of brilliance {unknown}
 k - a potion of heal wounds {unknown}
 m - a potion of cancellation {unknown}

Dungeon Overview and Level Annotations

Branches:
Dungeon (2/15)

Altars:

Shops:
D:2 (


Message History

You shoot a bolt. You shoot a bolt. You shoot a bolt. The bolt hits the orc!
You kill the orc!
Something hits you but does no damage. Something hits you.
You shoot a bolt. Something hits you.
You shoot a bolt. Something hits you. x2
You shoot a bolt.
Something hits you but does no damage. x2
You shoot a bolt. Something hits you but does no damage.
You shoot a bolt.
Something hits you but does no damage. x2
You shoot a bolt.
Something hits you but does no damage. x2
You shoot a bolt. Something hits you. Something hits you but does no damage.
You shoot a bolt.
Something hits you but does no damage. x2
You shoot a bolt.
Something hits you but does no damage. x2
You shoot a bolt.
You hear some strange, mumbled words.
A magic dart appears from out of thin air!
The magic dart hits you.
You shoot a bolt. Something hits you but does no damage. Something hits you.
You shoot a bolt. Something hits you but does no damage.
You hear some strange, mumbled words.
Something tries to affect you, but you resist.
You shoot a bolt. Something hits you.
You shoot a bolt.
You hear some strange, mumbled words.
A puff of flame appears from out of thin air!
The puff of flame hits you.
You die...

$......).
........
###......
.....). ....)
#... #..# #{.#
#@.# ### #..#
#..######..#
#.........##..
###...........#
####..#####.###
#...### .#
##.## . ### .#


There were no monsters in sight!

Vanquished Creatures
  5 adders
  A worm (D:2)
  4 orcs (D:4)
  4 endoplasms
  A hobgoblin (D:2)
  6 jackals
  A quokka (D:1)
  2 ball pythons
  8 bats
  5 frilled lizards
  6 goblins
  5 kobolds
  3 rats (D:1)
51 creatures vanquished.

Notes
Turn   | Place    | Note
-------+----------+-------------------------------------------
     0 | D:1      | qw the Gargoyle Hunter began the quest for the Orb.
     0 | D:1      | Reached XP level 1. HP: 12/12 MP: 1/1
     0 | D:1      | 0 ||| qw: Version: 0.3-a-76-g4403597
     0 | D:1      | 0 ||| qw: Game counter: 785
     0 | D:1      | 0 ||| qw: Melee chars always use a shield: true
     0 | D:1      | 0 ||| qw: God list: Okawaru
     0 | D:1      | 0 ||| qw: Allow faded altars: false
     0 | D:1      | 0 ||| qw: Do Orc after clearing Dungeon:15 true
     0 | D:1      | 0 ||| qw: Do second Lair branch before Depths: true
     0 | D:1      | 0 ||| qw: Lair rune preference: random
     0 | D:1      | 0 ||| qw: Goals: Normal
     0 | D:1      | 0 ||| PLANNING D:1-11
     6 | D:1      | Noticed a rime drake
     6 | D:1      | Noticed a salamander
     6 | D:1      | Noticed a lindwurm
     7 | D:1      | Noticed a killer bee
     7 | D:1      | Noticed a hound
    94 | D:1      | Reached XP level 2. HP: 17/17 MP: 2/2
   303 | D:1      | 303 ||| Stepping ~*~*~tactically~*~*~ (water).
   306 | D:1      | Reached XP level 3. HP: 21/21 MP: 3/3
   464 | D:1      | Reached skill level 5 in Ranged Weapons
   811 | D:1      | 811 ||| UPGRADING to +0 ring mail.
   821 | D:1      | 821 ||| DROPPING +0 leather armour.
   822 | D:1      | 822 ||| DROPPING +6 ring of intelligence.
   823 | D:1      | 823 ||| DROPPING ring of magical power.
   824 | D:1      | 824 ||| READING scroll labelled HAKUCW PUUST.
   825 | D:1      | 825 ||| READING 2 scrolls labelled ECAPAC TELIYMM.
   826 | D:1      | 826 ||| READING scroll labelled XUVEMOAMERI.
   827 | D:1      | 827 ||| READING 3 scrolls labelled DIEDIB LEEPHE.
   828 | D:1      | 828 ||| DROPPING scroll of butterflies.
   829 | D:1      | 829 ||| DROPPING scroll of immolation.
   830 | D:1      | 830 ||| DROPPING 2 scrolls of revelation.
   920 | D:2      | Reached skill level 1 in Armour
  1069 | D:2      | Reached skill level 3 in Fighting
  1069 | D:2      | Reached XP level 4. HP: 28/28 MP: 4/4
  1386 | D:2      | Found Bynud's Antique Weapon Shop.
  1464 | D:2      | You fall into a shaft and drop 2 floors!
  1481 | D:4      | 1481 ||| SWAPPING to +0 arbalest.
  1483 | D:4      | 1483 ||| RETREATING.
  1498 | D:4      | HP: 5/28 [something/magic dart (6)]
  1501 | D:4      | HP: 2/28 [something (2)]
  1502 | D:4      | Killed from afar by an orc wizard

Levels and vault maps discovered:
D:1:      onia_arrival_zoo_common, layout_loops_ring, serial_bayou_pond_d
D:2:      layout_loops_ring, serial_shops, shop_coins
D:4:      layout_layer_cave, grunt_dithmenos_smoke,
          gammafunk_temple_overflow_claw, lemuel_round_altar,
          minmay_temple_entry_sparse_star, uniq_ijyb, uniq_sigmund,
          uniq_eustachio

Skill      XL: |  1  2  3 |
---------------+----------+-----
Ranged Weapons | 5 |  5.4
Armour         | 1 |  1.2
Fighting       | 3 |  3.0
Dodging        | |  1.5
Stealth        | |  1.1

Action                     |  1- 3 |  4- 6 || total
---------------------------+-------+-------++-------
   Fire: Shortbow          |   113 |    35 ||   148
         Arbalest          |       |    20 ||    20
    Use: Scroll            |     4 |       ||     4
 Armour: Leather armour    |    32 |       ||    32
         Ring mail         |    29 |    37 ||    66
  Dodge: Dodged            |    34 |    12 ||    46

Table legend:
 A = Non-vault XP
 B = Vault XP
 C = Vault XP percentage of total XP
 D = Non-vault monster count
 E = Vault monster count
 F = Vault count percentage of total count
                 A         B        C        D         E       F
            +---------+---------+-------+---------+---------+-------
      Total |     145 |       0 |   0.0 |      51 |       0 |   0.0
            +---------+---------+-------+---------+---------+-------
        D:1 |      40 |       0 |   0.0 |      27 |       0 |   0.0
        D:2 |      80 |       0 |   0.0 |      19 |       0 |   0.0
        D:4 |      25 |       0 |   0.0 |       5 |       0 |   0.0
            +---------+---------+-------+---------+---------+-------
